 Dungeon Crawl Stone Soup version 0.20-a0-1126-g0f15420 (webtiles) character file.

384 Rrauwl the Ducker (level 6, 0/49 HPs)
             Began as a Merfolk Artificer on May 17, 2017.
             Slain by a scorpion (1 damage)
             ... on level 4 of the Dungeon.
             The game lasted 00:15:17 (4153 turns).

Rrauwl the Ducker (Merfolk Artificer)               Turns: 4153, Time: 00:15:17

Health: 0/49       AC:  6    Str: 12    XL:     6   Next: 77%
Magic:  9/9        EV: 15    Int: 11    God:
Gold:   226        SH:  0    Dex: 16    Spells: 3/5 levels left

rFire    . . .     SeeInvis .   a - +0 trident
rCold    . . .     Gourm    .   (no shield)
rNeg     . . .     Faith    .   b - +0 leather armour
rPois    .         Spirit   .   (no helmet)
rElec    .         Reflect  .   (no cloak)
rCorr    .         Harm     .   (no gloves)
MR       .....                  (no boots)
Stlth    ++........             (no amulet)
Regen    0.2/turn               k - ring of flight
MPRegen  0.2/turn               p - +3 ring of protection

@: lethally poisoned (0 -> -20)
A: change form in water, swift swim, stealthy swim
a: Evoke Flight


You were on level 4 of the Dungeon.
You were not hungry.

You visited 1 branch of the dungeon, and saw 4 of its levels.

You collected 226 gold pieces.

Inventory:

Hand Weapons
 a - a +0 trident (weapon)
Missiles
 h - 2 tomahawks of dispersal (quivered)
Armour
 b - a +0 leather armour (worn)
Jewellery
 k - a ring of flight (left hand)
 o - an uncursed ring of ice
 p - a +3 ring of protection (right hand)
Wands
 c - a wand of flame (7/48)
 d - a wand of enslavement (11/24)
 e - a wand of random effects (7/48)
Scrolls
 g - 3 scrolls of identify
 j - 2 scrolls of enchant weapon
 l - 3 scrolls of remove curse
 r - a scroll of teleportation
Potions
 m - 4 potions of curing
Books
 n - a book of Air

   Spells                             Type                      Level
   a - Shock                          Conjuration/Air              1
   b - Swiftness                      Charms/Air                   2
   c - Static Discharge               Conjuration/Air              3
   d - Airstrike                      Air                          4
   e - Lightning Bolt                 Conjuration/Air              5
Comestibles
 f - 3 bread rations
 i - a meat ration
 q - 2 fruits


   Skills:
 + Level 4.4 Fighting
   Level 1.2 Short Blades
 + Level 3.3 Polearms
 + Level 5.7 Dodging
 - Level 1.1 Stealth
 - Level 4.0 Evocations


You had 3 spell levels left.
You knew the following spells:

 Your Spells              Type           Power        Failure   Level  Hunger
a - Swiftness             Chrm/Air       #.......     56%         2    ###....


Dungeon Overview and Level Annotations

Branches:
Dungeon (4/15)
 Temple: D:4-7

Altars:
Gozag


Message History

Aim: a scorpion (heavily wounded, fast)
The puff of flame hits the scorpion.
The scorpion is severely wounded.
This wand has 8 charges left.
* * * LOW HITPOINT WARNING * * *
You feel sick. The scorpion stings you.
* * * LOW HITPOINT WARNING * * *
The scorpion misses you.
There is a lethal amount of poison in your body!
There isn't anything here!
Evoke which item? (* to show all) (? for menu, Esc to quit)
Aiming: Throw Flame
Press: ? - help, Shift-Dir - straight line, f/p - scorpion
Aim: a scorpion (severely wounded, fast)
The puff of flame hits the scorpion.
The scorpion is almost dead.
This wand has 7 charges left.
* * * LOW HITPOINT WARNING * * *
You feel sick. The scorpion stings you.
You die...

#.#.# #######...#
#...######.....#...# ##
#..................# #. ###
#.....####....##...# #.
#..?.#.....# #....##...###.
..........s####.....+...'.'.
..####..###.#.####.##...###.
#..# ##s# #.##...###. #..#
#@#.# #.......... ...#
##.#.# #...###.... .....
###......+...... ...?..
......###.... ....#.. ....
##### ... ...


You could see a scorpion.

Vanquished Creatures
  An ogre (D:4)
  2 orc priests (D:3)
  An orc wizard (D:3)
  Natasha (twice) (D:3)
  5 adders
  An ooze (D:3)
  3 worms
  3 dart slugs
  3 leopard geckos
  16 orcs
  3 giant cockroaches
  8 hobgoblins
  4 jackals (D:1)
  2 quokkas
  8 bats
  6 frilled lizards
  7 goblins
  8 kobolds
  9 rats
92 creatures vanquished.

Vanquished Creatures (collateral kills)
  A bat (D:2)
1 creature vanquished.

Vanquished Creatures (others)
  A hound (D:4)
1 creature vanquished.

Grand Total: 94 creatures vanquished

Notes
Turn   | Place    | Note
-------+----------+-------------------------------------------
     0 | D:1      | Rrauwl the Merfolk Artificer began the quest for the Orb.
     0 | D:1      | Reached XP level 1. HP: 15/15 MP: 3/3
   257 | D:1      | Reached skill level 3 in Dodging
   305 | D:1      | Reached XP level 2. HP: 18/21 MP: 4/4
   726 | D:1      | Reached XP level 3. HP: 26/27 MP: 5/5
  1717 | D:2      | Reached XP level 4. HP: 32/34 MP: 6/6
  1728 | D:2      | Reached skill level 4 in Dodging
  2408 | D:3      | Reached XP level 5. HP: 41/41 MP: 7/7
  2615 | D:3      | Found an opulent altar of Gozag.
  2985 | D:3      | Noticed Natasha
  2997 | D:3      | Killed Natasha
  2997 | D:3      | Reached skill level 1 in Polearms
  3163 | D:3      | Reached skill level 5 in Dodging
  3352 | D:3      | Noticed Natasha
  3360 | D:3      | Killed Natasha
  3360 | D:3      | Reached XP level 6. HP: 21/48 MP: 9/9
  4034 | D:4      | Learned a level 2 spell: Swiftness
  4153 | D:4      | HP: 1/49 [poisoned by a scorpion]
  4153 | D:4      | Slain by a scorpion

Vault maps used:
D:1:      saegor_arrival_under_anarchy, hangedman_abyss_or_decor_lesser_grid
D:2:      serial_bayou, serial_bayou_lagoon_a, serial_bayou_pond_c,
          serial_bayou_lake_a, serial_bayou_shore_a
D:3:      lemuel_coloured_pillars_altar, grunt_ministairs_7, uniq_natasha
D:4:      first_bread, minivault_24

Skill      XL: |  1  2  3  4  5  6 |
---------------+-------------------+-----
Dodging        | 3 4 5 |  5.7
Fighting       | 2 3 4 |  4.4
Evocations     | 4 |  4.0
Polearms       | 2 3 |  3.3
Short Blades   | |  1.2
Stealth        | |  1.1

Action                   |  1- 3 |  4- 6 || total
-------------------------+-------+-------++-------
Melee: Short sword       |   131 |    79 ||   210
       Trident           |       |   159 ||   159
Throw: Tomahawk          |       |     1 ||     1
Evoke: Wand              |     3 |    17 ||    20
  Use: Scroll            |     4 |     1 ||     5
       Potion            |     3 |     1 ||     4
 Stab: Sleeping          |     2 |     4 ||     6
       Paralysed         |       |     2 ||     2
  Eat: Chunk             |     2 |     4 ||     6
       Bread ration      |     1 |       ||     1
Armor: Leather armour    |    37 |    24 ||    61
Dodge: Dodged            |    88 |   136 ||   224
